 Dungeon Crawl Stone Soup version 0.16-a0-3458-g6d2551d (webtiles) character file.

442 stonewall the Skirmisher (level 6, -1/55 HPs)
             Began as a Mummy Arcane Marksman on Jan 1, 2015.
             Killed from afar by Duvessa (7 damage)
             ... with a wand of flame
             ... on level 5 of the Dungeon.
             The game lasted 00:11:47 (6056 turns).

stonewall the Skirmisher (Mummy Arcane Marksman)    Turns: 6056, Time: 00:11:47

Health: -1/55      AC:  5    Str: 16    XL:     6   Next: 71%
Magic:  8/8        EV: 12    Int: 12    God:
Gold:   241        SH:  0    Dex: 11    Spells: 1 memorised, 6 levels left

rFire  . . .     SeeInvis .     A - +0 halberd
rCold  + + .     Clarity  .     s - +2 leather armour {rC+}
rNeg   + + +     SustAb   .     (no shield)
rPois  ∞         Gourm    .     (no helmet)
rElec  .         Spirit   .     (no cloak)
rCorr  .         Warding  .     (no gloves)
rMut   .         Stasis   .     (no boots)
MR     .....                    (no amulet)
Stlth  +.........               j - +1 ring of evasion
                                t - ring of protection from fire

@: not resistant to hostile enchantments, very unstealthy
A: no food or potions, fire vulnerability, restore body, cold resistance 1,
negative energy resistance 3, poison resistance, torment resistance, unbreathing
a: no special abilities


You were on level 5 of the Dungeon.
You were not hungry.

You visited 2 branches of the dungeon, and saw 6 of its levels.

You collected 241 gold pieces.

Inventory:

Hand weapons
 b - a +0 hunting sling
 c - a +0 antimagic dagger
 i - a +0 hand axe
 m - a +0 mace
 u - a +0 trident
 y - a -2 trident
 A - a +0 halberd (weapon)
Missiles
 g - 46 stones (quivered)
Armour
 a - a +0 robe
 h - a +0 ring mail
 l - a +0 chain mail
 s - a +2 leather armour of cold resistance (worn)
 w - a +3 leather armour of positive energy
 x - a +1 leather armour of fire resistance
Jewellery
 e - an uncursed ring of protection from magic
 j - a +1 ring of evasion (right hand)
 t - a ring of protection from fire (left hand)
Magical devices
 n - a wand of digging (18)
Scrolls
 f - a scroll of magic mapping
 k - a scroll of random uselessness
 o - a scroll of identify
 p - 2 scrolls of remove curse
 q - a scroll of enchant armour
 r - 4 scrolls of enchant weapon
 v - a scroll of amnesia {unknown}
 z - a scroll of summoning {unknown}
Books
 d - a book of Debilitation

   Spells                             Type                      Level
   a - Corona                         Hexes                        1
   b - Slow                           Hexes                        2
   c - Inner Flame                    Hexes/Fire                   3
   d - Enslavement                    Hexes                        4
   e - Cause Fear                     Hexes                        4
   f - Leda's Liquefaction            Hexes/Earth                  4


   Skills:
 + Level 7.0 Fighting
 - Level 1.5 Slings
 - Level 1.5 Dodging
 - Level 1.0 Spellcasting
 - Level 2.6 Hexes


You had 6 spell levels left.
You knew the following spells:

 Your Spells              Type           Power        Failure   Level  Hunger
a - Corona                Hex            #......      12%         1    N/A

Dungeon Overview and Level Annotations

Branches:
Dungeon (5/15)             Temple (1/1) D:5

Altars:
Makhleb
Qazlal
Zin

Annotations:
D:2 exclusion: downstairs
D:4 need smthg to kill eustachio | cool weapon o boy, Eustachio
D:5 Dowan, Duvessa


Innate Abilities, Weirdness & Mutations

You do not eat or drink.
Your flesh is vulnerable to fire.
Your flesh is cold resistant.
You are immune to negative energy.
Your system is resistant to poisons.
You are immune to unholy pain and torment.
You can survive without breathing.


Message History

Okay, then.
Duvessa zaps a wand.
The puff of flame hits you!
* * * LOW HITPOINT WARNING * * *
Duvessa zaps a wand.
The puff of flame misses you.
There is an open door here.
Duvessa zaps a wand.
The puff of flame hits you!
* * * LOW HITPOINT WARNING * * *
Dowan says, "Magic and the sword, together, will defeat you."
Duvessa zaps a wand.
The puff of flame hits you!
* * * LOW HITPOINT WARNING * * *
Dowan mumbles some strange words.
Dowan blinks!
Dowan casts a spell at Duvessa.
Duvessa seems to speed up.
Dowan points at you and mumbles some strange words.
The puff of flame hits you!
* * * LOW HITPOINT WARNING * * *
There is a stone staircase leading up here.
Duvessa zaps a wand.
The puff of flame hits you!
You die...

#.....# #.# #..#..# #.#
###.....# ##+## #.......#
##...## #.###.#.# ##.....##
### #.# #.#.## ##.......##
##.## #.#
#....####.........####...#.##
#.#
#.......'.......e.'..........
#.#
#....####...@...e.####...#.##
#.# #.#.## ##.......##
##.##.# #.###.#(# ##......#
.... . #.......# #####≈.#
.####..# #####.### ..≈# . .#
#.#### ≈.≈..# # #....# ...≈.#
###### #≈..


You could see Duvessa and Dowan.

Vanquished Creatures
  An ogre (D:4)
  A scorpion (D:4)
  A hound (D:4)
  An orc wizard (D:3)
  2 worker ants (D:4)
  3 adders
  2 shadow imps
  2 worms
  An ufetubus (D:4)
  An adder skeleton (D:5)
  5 giant geckos
  An ooze (D:3)
  15 orcs
  4 ball pythons
  10 bats
  4 giant cockroaches
  7 goblins
  10 hobgoblins
  4 jackals
  8 giant newts
  13 kobolds
  A quokka (D:5)
  13 rats
110 creatures vanquished.

Vanquished Creatures (others)
  An orc wizard (D:3)
1 creature vanquished.

Grand Total: 111 creatures vanquished

Notes
Turn   | Place    | Note
--------------------------------------------------------------
     0 | D:1      | stonewall, the Mummy Arcane Marksman, began the quest for the Orb.
     0 | D:1      | Reached XP level 1. HP: 15/15 MP: 2/2
   190 | D:1      | Reached XP level 2. HP: 22/22 MP: 3/3
   858 | D:2      | Reached skill level 3 in Fighting
   858 | D:2      | Reached XP level 3. HP: 19/29 MP: 4/4
  1205 | D:2      | Found a stormy altar of Qazlal.
  1403 | D:2      | Reached XP level 4. HP: 37/37 MP: 5/5
  1497 | D:2      | Reached skill level 4 in Fighting
  1986 | D:3      | Noticed an orc warrior
  2399 | D:4      | Noticed an ogre
  2914 | D:3      | Reached skill level 5 in Fighting
  2914 | D:3      | Reached XP level 5. HP: 40/44 MP: 7/7
  4383 | D:4      | Reached skill level 6 in Fighting
  4383 | D:4      | Reached XP level 6. HP: 39/52 MP: 8/8
  4900 | D:4      | Noticed Eustachio
  5067 | D:4      | HP: 1/53 [river rat[Eustachio] (4)]
  5093 | D:5      | Entered Level 5 of the Dungeon
  5411 | D:5      | Reached skill level 7 in Fighting
  5508 | D:5      | Found a staircase to the Ecumenical Temple.
  5600 | Temple   | Entered the Ecumenical Temple
  6039 | D:5      | Noticed Duvessa
  6043 | D:5      | Noticed Dowan
  6056 | D:5      | Killed from afar by Duvessa

Action                   |  1- 3 |  4- 6 || total
-------------------------+-------+-------++-------
Melee: Halberd           |       |     9 ||     9
       Trident           |       |     5 ||     5
 Fire: Hunting sling     |   146 |   434 ||   580
  Use: Scroll            |     2 |     7 ||     9
 Stab: Sleeping          |       |     1 ||     1
